BSA
HOUSTON MARSHALS @ AUSTIN RIVER SHARKS
03/15/2029
 
TOP OF THE 1ST
Houston Marshals batting - Pitching for Austin River Sharks : RHP António Rijo
Pitching: RHP António Rijo
Batting: LHB Guy Moss 0-0: Foul Ball, location: 2F
0-1: Fly out, F8 (Flyball, 78M)
Batting: SHB Juan Gómez 0-0: Swinging Strike
0-1: Ball
1-1: Ball
2-1: Ball
3-1: Called Strike
3-2: Single, Error in OF, E9, batter to second base
Batting: LHB Lewis Barr 0-0: DOUBLE (Flyball, 8LXD)
Juan Gómez scores
Batting: LHB José Rodríguez 0-0: Ball
1-0: SINGLE (Line Drive, 78S)
Lewis Barr to third
Runner from 3rd tries for Home, throw and OUT!
Batting: RHB Raúl Soto 0-0: Ball
1-0: Ball
2-0: Foul Ball, location: 2F
2-1: Foul Ball, location: 2F
2-2: Strikes out swinging
Top of the 1st over - 1 run, 3 hits, 1 error, 1 left on base; Houston 1 - Austin 0
BOTTOM OF THE 1ST
Austin River Sharks batting - Pitching for Houston Marshals : RHP Jim Daniel
Pitching: RHP Jim Daniel
Batting: LHB José Liñares 0-0: Ground out 4-3 (Groundball, 4)
Batting: LHB Fred Abrams 0-0: Foul Ball, location: 2F
0-1: Ball
1-1: SINGLE (Groundball, 34) (infield hit)
Batting: LHB Greg Nelson 0-0: Foul Ball, location: 2F
0-1: Ball
1-1: Called Strike
1-2: Strikes out swinging
Batting: LHB Harry Pitts 0-0: Called Strike
0-1: Ball
1-1: Fly out, F7 (Flyball, 7LM)
Bottom of the 1st over - 0 runs, 1 hit, 0 errors, 1 left on base; Houston 1 - Austin 0
TOP OF THE 2ND
Houston Marshals batting - Pitching for Austin River Sharks : RHP António Rijo
Batting: LHB Matt Smith 0-0: Ball
1-0: Ground out 6-3 (Groundball, 6)
Batting: RHB Esteban Lara 0-0: Called Strike
0-1: Ball
1-1: Ball
2-1: Foul Ball, location: 2F
2-2: Strikes out swinging
Batting: RHB Javier Rentería 0-0: Ball
1-0: SINGLE (Line Drive, 6M)
Batting: RHB Michael Thomas 0-0: Called Strike
0-1: Called Strike
0-2: Ball
1-2: Fly out, F9 (Line Drive, 9)
Top of the 2nd over - 0 runs, 1 hit, 0 errors, 1 left on base; Houston 1 - Austin 0
BOTTOM OF THE 2ND
Austin River Sharks batting - Pitching for Houston Marshals : RHP Jim Daniel
Batting: RHB Pedro Guzmán 0-0: Called Strike
0-1: Fly out, F7 (Flyball, 7LS)
Batting: RHB Tony Cruz 0-0: Called Strike
0-1: Swinging Strike
0-2: Ball
1-2: Ball
2-2: Ground out 5-3 (Groundball, 56S)
Batting: RHB Richard Coker 0-0: Called Strike
0-1: Swinging Strike
0-2: Foul Ball, location: 2F
0-2: SINGLE (Groundball, 6MD)
Batting: RHB Paul Swift 0-0: Called Strike
0-1: Foul Ball, location: 2F
0-2: Ball
1-2: Foul Ball, location: 2F
1-2: Ball
2-2: Foul Ball, location: 2F
2-2: Fielders Choice at 2nd, 5-4 (Groundball, 56)
Bottom of the 2nd over - 0 runs, 1 hit, 0 errors, 1 left on base; Houston 1 - Austin 0
TOP OF THE 3RD
Houston Marshals batting - Pitching for Austin River Sharks : RHP António Rijo
Batting: LHB Guy Moss 0-0: Called Strike
0-1: Ball
1-1: Fly out, F5 (Popup, 56S)
Batting: SHB Juan Gómez 0-0: Ball
1-0: Ball
2-0: Called Strike
2-1: Foul Ball, location: 2F
2-2: Fly out, F7 (Flyball, 7S)
Batting: LHB Lewis Barr 0-0: Foul Ball, location: 2F
0-1: Called Strike
0-2: Ball
1-2: Foul Ball, location: 2F
1-2: Ball
2-2: Ball
3-2: Strikes out swinging
Top of the 3rd over - 0 runs, 0 hits, 0 errors, 0 left on base; Houston 1 - Austin 0
BOTTOM OF THE 3RD
Austin River Sharks batting - Pitching for Houston Marshals : RHP Jim Daniel
Batting: RHB Andy Aiton 0-0: Called Strike
0-1: Ball
1-1: Ball
2-1: Foul Ball, location: 2F
2-2: Foul Ball, location: 2F
2-2: Strikes out looking
Batting: LHB José Liñares 0-0: Called Strike
0-1: Fly out, F8 (Flyball, 8RM)
Batting: LHB Fred Abrams 0-0: Ball
1-0: Ball
2-0: Ball
3-0: Called Strike
3-1: Base on Balls
Batting: LHB Greg Nelson 0-0: Ball
1-0: Swinging Strike
1-1: Ball
2-1: Fly out, F7 (Line Drive, 7LM)
Bottom of the 3rd over - 0 runs, 0 hits, 0 errors, 1 left on base; Houston 1 - Austin 0
TOP OF THE 4TH
Houston Marshals batting - Pitching for Austin River Sharks : RHP António Rijo
Batting: LHB José Rodríguez 0-0: Called Strike
0-1: Called Strike
0-2: Ball
1-2: Strikes out swinging
Batting: RHB Raúl Soto 0-0: Called Strike
0-1: Hit by Pitch
Batting: LHB Matt Smith 0-0: Swinging Strike
0-1: Foul Ball, location: 2F
0-2: Ball
1-2: Fly out, F7 (Flyball, 78S)
Batting: RHB Esteban Lara 0-0: Ball
1-0: Foul Ball, location: 2F
1-1: Called Strike
1-2: Foul Ball, location: 2F
1-2: Foul Ball, location: 2F
1-2: Strikes out swinging
Top of the 4th over - 0 runs, 0 hits, 0 errors, 1 left on base; Houston 1 - Austin 0
BOTTOM OF THE 4TH
Austin River Sharks batting - Pitching for Houston Marshals : RHP Jim Daniel
Batting: LHB Harry Pitts 0-0: Ball
1-0: Called Strike
1-1: Foul Ball, location: 2F
1-2: Ground out 5-3 (Groundball, 56S)
Batting: RHB Pedro Guzmán 0-0: Called Strike
0-1: Ball
1-1: Ground out 1-3 (Groundball, P)
Batting: RHB Tony Cruz 0-0: Called Strike
0-1: Swinging Strike
0-2: Ground out 6-3 (Groundball, 6)
Bottom of the 4th over - 0 runs, 0 hits, 0 errors, 0 left on base; Houston 1 - Austin 0
TOP OF THE 5TH
Houston Marshals batting - Pitching for Austin River Sharks : RHP António Rijo
Pitching: RHP Josh Graham
Batting: RHB Javier Rentería 0-0: Ball
1-0: SINGLE (Groundball, 56D)
Batting: RHB Michael Thomas 0-0: Ball
1-0: Ball
2-0: Ball
3-0: Called Strike
3-1: Foul Ball, location: 2F
3-2: Strikes out swinging
Batting: LHB Guy Moss 0-0: Fly out, F6 (Popup, 6M)
Batting: SHB Juan Gómez 0-0: Ball
1-0: Swinging Strike
1-1: Ball
2-1: Called Strike
2-2: Foul Ball, location: 2F
2-2: Fly out, F6 (Popup, 6)
Top of the 5th over - 0 runs, 1 hit, 0 errors, 1 left on base; Houston 1 - Austin 0
BOTTOM OF THE 5TH
Austin River Sharks batting - Pitching for Houston Marshals : RHP Jim Daniel
Pitching: LHP Edgardo Guzmán
Batting: RHB Richard Coker 0-0: Foul Ball, location: 2F
0-1: Swinging Strike
0-2: Ball
1-2: Foul Ball, location: 2F
1-2: Strikes out swinging
Batting: RHB Paul Swift 0-0: Ball
1-0: Ball
2-0: Called Strike
2-1: Ground out 5-3 (Groundball, 56S)
Batting: RHB Andy Aiton 0-0: Ball
1-0: Called Strike
1-1: Fly out, F7 (Flyball, 7)
Bottom of the 5th over - 0 runs, 0 hits, 0 errors, 0 left on base; Houston 1 - Austin 0
TOP OF THE 6TH
Houston Marshals batting - Pitching for Austin River Sharks : RHP Josh Graham
Batting: LHB Lewis Barr 0-0: SINGLE (Flyball, 7S)
Batting: LHB José Rodríguez 0-0: Fly out, F8 (Flyball, 78M)
Batting: RHB Raúl Soto 0-0: Called Strike
0-1: Ball
1-1: Ball
2-1: Foul Ball, location: 2F
2-2: Strikes out swinging
Batting: LHB Matt Smith 0-0: Fly out, F3 (Popup, 23)
Top of the 6th over - 0 runs, 1 hit, 0 errors, 1 left on base; Houston 1 - Austin 0
BOTTOM OF THE 6TH
Austin River Sharks batting - Pitching for Houston Marshals : LHP Edgardo Guzmán
Batting: LHB José Liñares 0-0: Ball
1-0: Called Strike
1-1: Called Strike
1-2: Ball
2-2: Strikes out looking
Batting: LHB Fred Abrams 0-0: Called Strike
0-1: Called Strike
0-2: Ground out 4-3 (Groundball, 4)
Batting: LHB Greg Nelson 0-0: Foul Ball, location: 2F
0-1: Swinging Strike
0-2: Foul Ball, location: 2F
0-2: Foul Ball, location: 2F
0-2: Strikes out swinging
Bottom of the 6th over - 0 runs, 0 hits, 0 errors, 0 left on base; Houston 1 - Austin 0
TOP OF THE 7TH
Houston Marshals batting - Pitching for Austin River Sharks : RHP Josh Graham
Batting: RHB Esteban Lara 0-0: Fly out, F8 (Flyball, 8LS)
Batting: RHB Javier Rentería 0-0: Called Strike
0-1: Swinging Strike
0-2: Ball
1-2: Ground out 6-3 (Groundball, 6)
Batting: RHB Michael Thomas 0-0: Foul Ball, location: 2F
0-1: Foul Ball, location: 2F
0-2: Fly out, F8 (Flyball, 78D)
Top of the 7th over - 0 runs, 0 hits, 0 errors, 0 left on base; Houston 1 - Austin 0
BOTTOM OF THE 7TH
Austin River Sharks batting - Pitching for Houston Marshals : LHP Edgardo Guzmán
Batting: LHB Harry Pitts 0-0: Called Strike
0-1: Swinging Strike
0-2: Strikes out swinging
Batting: RHB Pedro Guzmán 0-0: Called Strike
0-1: Ball
1-1: Swinging Strike
1-2: SOLO HOME RUN (Flyball, 7LD), Distance : 342 ft
Batting: RHB Tony Cruz 0-0: Ball
1-0: Swinging Strike
1-1: Ball
2-1: Foul Ball, location: 2F
2-2: Fly out, F5 (Line Drive, 5)
Pinch Hitting: RHB Edward Young 0-0: Called Strike
0-1: Foul Ball, location: 2F
0-2: Ground out 4-3 (Groundball, 4S)
Bottom of the 7th over - 1 run, 1 hit, 0 errors, 0 left on base; Houston 1 - Austin 1
TOP OF THE 8TH
Houston Marshals batting - Pitching for Austin River Sharks : RHP Josh Graham
Pitching: LHP Dave Watkins
Now at 1B: Edward Young
Batting: LHB Guy Moss 0-0: Ball
1-0: Foul Ball, location: 2F
1-1: Ball
2-1: Ground out 2-3 (Groundball, 15S)
Batting: SHB Juan Gómez 0-0: Ball
1-0: Swinging Strike
1-1: Foul Ball, location: 2F
1-2: Strikes out looking
Batting: RHB Chris Parker 0-0: Ball
1-0: Ball
2-0: Ball
3-0: Base on Balls
Batting: LHB José Rodríguez 0-0: Called Strike
0-1: Fielders Choice at 2nd, 5-4 (Groundball, 5)
Top of the 8th over - 0 runs, 0 hits, 0 errors, 1 left on base; Houston 1 - Austin 1
BOTTOM OF THE 8TH
Austin River Sharks batting - Pitching for Houston Marshals : LHP Edgardo Guzmán
Pitching: RHP Alberto Márquez
Batting: RHB Paul Swift 0-0: Ball
1-0: Ball
2-0: Ball
3-0: Called Strike
3-1: Foul Ball, location: 2F
3-2: Ground out 6-3 (Groundball, 6)
Batting: RHB Andy Aiton 0-0: Ball
1-0: Fly out, F7 (Flyball, 7LS)
Pinch Hitting: RHB Todd Bryant 0-0: Ball
1-0: Ground out 6-3 (Groundball, 6)
Bottom of the 8th over - 0 runs, 0 hits, 0 errors, 0 left on base; Houston 1 - Austin 1
TOP OF THE 9TH
Houston Marshals batting - Pitching for Austin River Sharks : LHP Dave Watkins
Pitching: RHP Paco Gutiérrez
Now at SS: Freddy Herrera
Pinch Hitting: LHB Bernardo Morales 0-0: Ball
1-0: Called Strike
1-1: Ball
2-1: Ball
3-1: Foul Ball, location: 2F
3-2: Strikes out swinging
Pinch Hitting: SHB Ramón Lugo 0-0: Ball
1-0: Ground out 4-3 (Groundball, 4MS)
Pinch Hitting: RHB Jim Tracy 0-0: Called Strike
0-1: Ball
1-1: Ball
2-1: Ball
3-1: Called Strike
3-2: Base on Balls
Batting: RHB Javier Rentería 0-0: Fly out, F5 (Line Drive, 56)
Top of the 9th over - 0 runs, 0 hits, 0 errors, 1 left on base; Houston 1 - Austin 1
BOTTOM OF THE 9TH
Austin River Sharks batting - Pitching for Houston Marshals : RHP Alberto Márquez
Now at 2B: Ramón Lugo
Now at 3B: Jim Tracy
Now in LF: Bernardo Morales
Pinch Hitting: LHB Enrico Vargas 0-0: Ball
1-0: Ball
2-0: Called Strike
2-1: Ball
3-1: Reached via error on a dropped throw, E3
Pinch Hitting: RHB Júlio Figueroa 0-0: Foul Ball, location: 2F
0-1: Ball
1-1: Fly out, F8 (Flyball, 8RS)
Pinch Hitting: RHB Jesús Hernández 0-0: Called Strike
0-1: Ball
1-1: Grounds into double play, 3-6-1 (Groundball, 3)
Bottom of the 9th over - 0 runs, 0 hits, 1 error, 0 left on base; Houston 1 - Austin 1
TOP OF THE 10TH
Houston Marshals batting - Pitching for Austin River Sharks : RHP Paco Gutiérrez
Now at 1B: Dan Wyatt
Now in CF: Enrico Vargas
Now in RF: Luis Ibarra
Batting: RHB Michael Thomas 0-0: Swinging Strike
0-1: Foul Ball, location: 2F
0-2: Foul Ball, location: 2F
0-2: Strikes out swinging
Batting: LHB Guy Moss 0-0: Ball
1-0: Foul Ball, location: 2F
1-1: Ball
2-1: Foul Ball, location: 2F
2-2: Ground out 5-3 (Groundball, 56S)
Pinch Hitting: RHB Gustavo Díaz 0-0: Ball
1-0: Foul Ball, location: 2F
1-1: Called Strike
1-2: Foul Ball, location: 2F
1-2: Foul Ball, location: 2F
1-2: Strikes out swinging
Top of the 10th over - 0 runs, 0 hits, 0 errors, 0 left on base; Houston 1 - Austin 1
BOTTOM OF THE 10TH
Austin River Sharks batting - Pitching for Houston Marshals : RHP Alberto Márquez
Pitching: RHP Vinícius Itaquy
Now at C: Gustavo Díaz
Pinch Hitting: RHB Tom Rowe 0-0: Foul Ball, location: 2F
0-1: Ball
1-1: Ball
2-1: Foul Ball, location: 2F
2-2: Strikes out looking
Batting: LHB Russell Peck 0-0: Called Strike
0-1: Swinging Strike
0-2: Ball
1-2: Strikes out swinging
Batting: RHB Edward Young 0-0: Ground out 6-3 (Groundball, 6)
Bottom of the 10th over - 0 runs, 0 hits, 0 errors, 0 left on base; Houston 1 - Austin 1
TOP OF THE 11TH
Houston Marshals batting - Pitching for Austin River Sharks : RHP Paco Gutiérrez
Pitching: LHP Manuel Gil
Now at SS: Tom Rowe
Batting: RHB Chris Parker 0-0: Ball
1-0: Called Strike
1-1: Foul Ball, location: 2F
1-2: Fly out, F5 (Popup, 56)
Batting: LHB José Rodríguez 0-0: Fly out, F5 (Popup, 56)
Batting: LHB Bernardo Morales 0-0: Ball
1-0: Foul Ball, location: 2F
1-1: Ball
2-1: SINGLE (Groundball, 6D)
Batting: SHB Ramón Lugo 0-0: Foul Ball, location: 2F
0-1: Foul Ball, location: 2F
0-2: SINGLE (Line Drive, 8LS)
Bernardo Morales to second
Batting: RHB Jim Tracy 0-0: Swinging Strike
0-1: Foul Ball, location: 2F
0-2: Ball
1-2: Foul Ball, location: 2F
1-2: Ball
2-2: Ball
3-2: Base on Balls
Bernardo Morales to third
Ramón Lugo to second
Batting: RHB Javier Rentería 0-0: Ball
1-0: Fly out, F4 (Line Drive, 4)
Top of the 11th over - 0 runs, 2 hits, 0 errors, 3 left on base; Houston 1 - Austin 1
BOTTOM OF THE 11TH
Austin River Sharks batting - Pitching for Houston Marshals : RHP Vinícius Itaquy
Batting: RHB Paul Swift 0-0: Called Strike
0-1: Reached on error, E5 (Groundball, 56S)
Pinch Hitting: RHB Ryan Cates 0-0: Fielders Choice at 2nd, 4-6 (Groundball, 34)
Batting: LHB Freddy Herrera 0-0: Ball
1-0: Foul Ball, location: 2F
1-1: Foul Ball, location: 2F
1-2: Ball
Ryan Cates steals 2nd base
2-2: Foul Ball, location: 2F
2-2: Strikes out looking
Batting: LHB Enrico Vargas 0-0: Ball
1-0: Foul Ball, location: 2F
1-1: Ball
2-1: Ball
3-1: Base on Balls
Batting: RHB Luis Ibarra 0-0: Ball
1-0: Ball
2-0: Foul Ball, location: 2F
Balk!
Ryan Cates to third
Enrico Vargas to second
2-1: Swinging Strike
2-2: Fly out, F8 (Flyball, 8RXD)
Bottom of the 11th over - 0 runs, 0 hits, 1 error, 2 left on base; Houston 1 - Austin 1
TOP OF THE 12TH
Houston Marshals batting - Pitching for Austin River Sharks : LHP Manuel Gil
Pitching: RHP Sloan Numbers
Now at 3B: Ryan Cates
Batting: RHB Michael Thomas 0-0: Called Strike
0-1: Reached on error, E8 (Flyball, 8LM)
Batting: LHB Guy Moss 0-0: Ball
1-0: Fly out, F8 (Line Drive, 8RD)
Batting: RHB Gustavo Díaz 0-0: Fly out, F4 (Popup, 4)
Batting: RHB Chris Parker 0-0: Called Strike
0-1: Foul Ball, location: 2F
0-2: Foul Ball, location: 2F
0-2: Ball
1-2: DOUBLE (Line Drive, 7LM)
Michael Thomas to third
Runner from 3rd tries for Home, SAFE, no throw
Batting: LHB José Rodríguez 0-0: Swinging Strike
0-1: Foul Ball, location: 2F
0-2: Foul Ball, location: 2F
0-2: Ball
1-2: Ball
2-2: Strikes out swinging
Top of the 12th over - 1 run, 1 hit, 1 error, 1 left on base; Houston 2 - Austin 1
BOTTOM OF THE 12TH
Austin River Sharks batting - Pitching for Houston Marshals : RHP Vinícius Itaquy
Pitching: RHP Jim Durham
Batting: RHB Dan Wyatt 0-0: Foul Ball, location: 2F
0-1: Ball
1-1: Foul Ball, location: 2F
1-2: Foul Ball, location: 2F
1-2: SINGLE (Groundball, 34) (infield hit)
Batting: RHB Tom Rowe 0-0: Ball
1-0: SINGLE (Line Drive, 7LS)
Dan Wyatt to second
Batting: LHB Russell Peck 0-0: Called Strike
0-1: Ball
1-1: Ball
2-1: Ball
3-1: Foul Ball, location: 2F
3-2: Fly out, F8 (Line Drive, 89D)
Runner from 2nd tags up, SAFE at 3rd, no throw
Batting: RHB Edward Young 0-0: Called Strike
0-1: Ball
1-1: 3-RUN HOME RUN (Flyball, 7D), Distance : 395 ft
Saturday, December 16th, 2017 - OOTP Baseball 18.8 Build 76